 Dungeon Crawl Stone Soup version 0.29.0-4-gdea44cf6ec (webtiles) character file.

Game seed: 969587084140135011

417 qw the Shield-Bearer (level 6, -3/35 HPs)
             Began as a Tengu Warper on Aug 28, 2022.
             Slain by a wraith (7 damage)
             ... in an ossuary.
             The game lasted 00:00:21 (3510 turns).

qw the Shield-Bearer (Tengu Warper)                 Turns: 3510, Time: 00:00:21

Health: -3/35      AC: 18    Str: 14    XL:     6   Next: 92%
Magic:  10/10      EV:  8    Int: 13    God:
Gold:   238        SH: 13    Dex: 13    Spells: 9/9 levels left

rFire   . . .      SeeInvis .   Y - +2 hand axe (protect)
rCold   . . .      Faith    .   c - +0 tower shield
rNeg    . . .      Spirit   .   e - +0 ring mail
rPois   .          Reflect  .   (helmet restricted)
rElec   .          Harm     .   d - +1 cloak {rCorr}
rCorr   +          Rampage  .   (no gloves)
Will    +....                   (boots unavailable)
Stlth   +.........              (no amulet)
HPRegen 0.11/turn               i - +4 ring of protection
MPRegen 0.12/turn               a - ring of willpower

@: under a protective aura, flying quickly and evasively, slowed, very slow
A: beak, talons 3, nimble flight
a: no special abilities


You were in an ossuary.
You visited 1 branch of the dungeon, and saw 4 of its levels.
You also visited: Ossuary.

You collected 238 gold pieces.


Innate Abilities, Weirdness & Mutations

You have a beak for a mouth.
You have claws for feet.
Your magical nature lets you fly swiftly and evasively.


   Skills:
 - Level 2.0 Fighting
 + Level 4.9 Axes
 - Level 1.0 Throwing
 - Level 1.1 Armour
 - Level 2.1 Dodging
 - Level 5.3 Shields
 - Level 2.0 Spellcasting
 - Level 2.4 Translocations


You had 9 spell levels left.
You didn't know any spells.
Your spell library contained the following spells:

 Spells                   Type           Power      Damage    Failure   Level
 Blink                    Tloc           14%        N/A       97%         2
 Gell's Gravitas          Tloc           7%         N/A       99%         3
 Lesser Beckoning         Tloc           7%         N/A       99%         3
 Teleport Other           Tloc           7%         N/A       99%         3
 Manifold Assault         Tloc           7%         N/A       100%        5

Inventory:

Hand Weapons
 h - a +0 flail
 Y - a +2 hand axe of protection (weapon)
Armour
 c - a +0 tower shield (worn)
 d - a +1 cloak of preservation (worn)
 e - a +0 ring mail (worn)
Jewellery
 a - a ring of willpower (right hand)
 i - a +4 ring of protection (left hand)
Scrolls
 g - 3 scrolls of identify
 n - 2 scrolls of fog {unknown}
Potions
 b - 3 potions of curing
 f - a potion of mutation
 j - a potion of lignification {unknown}
 l - a potion of might {unknown}
 m - a potion of haste {unknown}

Dungeon Overview and Level Annotations

Branches:
Dungeon (4/15)            Ossuary (1/1)
 Temple: D:4-7

Altars:

Annotations:
D:4 2 transporters


Message History

The wraith is severely damaged.
Your surroundings suddenly seem different.
You start resting.
You feel yourself speed up.
A wraith is nearby!
3491 ||| Stepping ~*~*~tactically~*~*~ (stealth).
You start resting.
A wraith is nearby!
3496 ||| Stepping ~*~*~tactically~*~*~ (stealth).
You start resting.
A wraith is nearby!
3498 ||| Stepping ~*~*~tactically~*~*~ (stealth).
You start resting.
A wraith is nearby!
You hit the wraith but do no damage.
Your weapon exudes an aura of protection.
Your kick misses the wraith.
The wraith is heavily damaged.
You block the wraith's attack.
You slash the wraith! Your kick misses the wraith.
The wraith is severely damaged.
The wraith hits you but does no damage. You block the wraith's attack.
You barely miss the wraith. You peck the wraith, but do no damage.
The wraith is severely damaged.
The wraith hits you but does no damage.
You hit the wraith but do no damage. Your kick misses the wraith.
The wraith is severely damaged.
You block the wraith's attack.
You barely miss the wraith. Your kick misses the wraith.
The wraith is severely damaged.
The wraith hits you! The wraith drains your vigour!
You feel yourself slow down. The wraith hits you but does no damage.
You hit the wraith but do no damage. You claw the wraith, but do no damage.
You peck the wraith, but do no damage.
The wraith is severely damaged.
You block the wraith's attack. The wraith closely misses you.
You slash the wraith! You claw the wraith, but do no damage.
The wraith is almost destroyed.
You block the wraith's attack. The wraith hits you!
You die...

#######'#######
#.............#
#.+##.###.##+.#
#.# #.#z#.# #
#.###.###.###.#
#.............#
#.....W.......#
#W###../..###.#
#@# #./.W.# #.#
#.###.../W###.#
#.............#
#.............#
#.###.###.###.#
#.# #.# #.#.#.#
#.+ #.###.##W.#
#.. ..........#
###########


You could see a wraith.

Vanquished Creatures
  Edmund (D:4)
  2 phantoms (D:4)
  Jessica (D:2)
  Robin (D:3)
  2 adders (D:4)
  An adder zombie (Ossuary)
  4 worms
  2 dart slugs
  An orc (D:2)
  6 endoplasms
  A giant cockroach (D:4)
  17 goblins
  7 hobgoblins
  8 jackals (D:1)
  2 kobolds
  4 quokkas
  5 ball pythons
  3 ball python skeletons (Ossuary)
  4 bats
  2 frilled lizards (D:3)
  A hobgoblin skeleton (Ossuary)
  A hobgoblin zombie (Ossuary)
  A kobold zombie (Ossuary)
  An orc skeleton (Ossuary)
  6 rats
84 creatures vanquished.

Notes
Turn   | Place    | Note
-------+----------+-------------------------------------------
     0 | D:1      | qw the Tengu Warper began the quest for the Orb.
     0 | D:1      | Reached XP level 1. HP: 12/12 MP: 4/4
     0 | D:1      | 0 ||| qw: Version: 0.1-a-89-g26bdef1
     0 | D:1      | 0 ||| qw: Game counter: 1102
     0 | D:1      | 0 ||| qw: Always use a shield: true
     0 | D:1      | 0 ||| qw: God list: Okawaru
     0 | D:1      | 0 ||| qw: Allow faded altars: false
     0 | D:1      | 0 ||| qw: Do Orc after D:15 true
     0 | D:1      | 0 ||| qw: Do second Lair branch before Depths: true
     0 | D:1      | 0 ||| qw: Lair rune preference: random
     0 | D:1      | 0 ||| qw: Plans: Normal
     0 | D:1      | 0 ||| PLANNING D:1-11
    64 | D:1      | Reached XP level 2. HP: 10/17 MP: 6/6
   231 | D:1      | Reached skill level 3 in Axes
   231 | D:1      | 231 ||| Stepping ~*~*~tactically~*~*~ (stealth).
   508 | D:1      | Found a faded altar of an unknown god.
   736 | D:1      | 736 ||| Stepping ~*~*~tactically~*~*~ (stealth).
   737 | D:1      | 737 ||| Stepping ~*~*~tactically~*~*~ (stealth).
  1244 | D:1      | 1244 ||| UPGRADING to +1 cloak of preservation.
  1249 | D:1      | 1249 ||| UPGRADING to +0 ring mail.
  1259 | D:1      | 1259 ||| DROPPING +0 leather armour.
  1260 | D:1      | 1260 ||| UPGRADING to +4 ring of protection.
  1261 | D:1      | 1261 ||| READING scroll labelled ZETUCU REIDO.
  1262 | D:1      | 1262 ||| READING 3 scrolls labelled OMIESI FEAGG.
  1263 | D:1      | 1263 ||| READING scroll labelled USIZOW VYRUXOSM.
  1264 | D:1      | 1264 ||| READING scroll labelled TAOTIKHL DEDO.
  1265 | D:1      | 1265 ||| READING scroll labelled ZESTRUL JIRIC.
  1266 | D:1      | 1266 ||| DRINKING 2 murky ruby potions.
  1267 | D:1      | 1267 ||| DROPPING scroll of blinking.
  1268 | D:1      | 1268 ||| DROPPING potion of brilliance.
  1356 | D:2      | Reached XP level 3. HP: 20/21 MP: 7/7
  1497 | D:2      | 1497 ||| Stepping ~*~*~tactically~*~*~ (stealth).
  1509 | D:2      | 1509 ||| Stepping ~*~*~tactically~*~*~ (stealth).
  1665 | D:2      | 1665 ||| READING scroll of enchant weapon.
  1665 | D:2      | 1665 ||| ENCHANTING +1 hand axe of chaos.
  1852 | D:2      | Noticed Jessica
  1858 | D:2      | Killed Jessica
  1859 | D:2      | Reached XP level 4. HP: 22/26 MP: 8/8
  1906 | D:2      | 1906 ||| UPGRADING to +0 tower shield.
  1911 | D:2      | 1911 ||| UPGRADING to ring of willpower.
  1912 | D:2      | 1912 ||| READING scroll labelled TIONOIWEUMM.
  1913 | D:2      | 1913 ||| READING scroll labelled UCAJOM YBBOZETT.
  1916 | D:2      | 1916 ||| DRINKING 2 bubbling cyan potions.
  1942 | D:3      | 1942 ||| Stepping ~*~*~tactically~*~*~ (stealth).
  1944 | D:3      | 1944 ||| Stepping ~*~*~tactically~*~*~ (stealth).
  1947 | D:3      | 1947 ||| FLEEEEING.
  1948 | D:3      | 1948 ||| FLEEEEING.
  1949 | D:3      | 1949 ||| FLEEEEING.
  1950 | D:3      | 1950 ||| FLEEEEING.
  1951 | D:3      | 1951 ||| FLEEEEING.
  1952 | D:3      | 1952 ||| FLEEEEING.
  1953 | D:3      | 1953 ||| FLEEEEING.
  1954 | D:3      | 1954 ||| FLEEEEING.
  1955 | D:3      | 1955 ||| FLEEEEING.
  1956 | D:3      | 1956 ||| FLEEEEING.
  1957 | D:3      | 1957 ||| STAIRDANCE
  1989 | D:2      | 1989 ||| READING scroll labelled COWUHO FAOPH.
  1992 | D:3      | 1992 ||| STAIRDANCE
  2095 | D:3      | 2095 ||| FLEEEEING.
  2096 | D:3      | 2096 ||| FLEEEEING.
  2097 | D:3      | 2097 ||| FLEEEEING.
  2098 | D:3      | 2098 ||| FLEEEEING.
  2099 | D:3      | 2099 ||| FLEEEEING.
  2100 | D:3      | 2100 ||| FLEEEEING.
  2101 | D:3      | 2101 ||| FLEEEEING.
  2102 | D:3      | 2102 ||| FLEEEEING.
  2103 | D:3      | 2103 ||| FLEEEEING.
  2104 | D:3      | 2104 ||| FLEEEEING.
  2105 | D:3      | 2105 ||| FLEEEEING.
  2107 | D:3      | 2107 ||| FLEEEEING.
  2108 | D:3      | 2108 ||| FLEEEEING.
  2109 | D:3      | 2109 ||| STAIRDANCE
  2235 | D:3      | Reached skill level 1 in Shields
  2283 | D:3      | 2283 ||| READING scroll of brand weapon.
  2283 | D:3      | 2283 ||| BRANDING +2 hand axe of chaos.
  2303 | D:3      | 2303 ||| DROPPING +0 club.
  2392 | D:3      | 2392 ||| Stepping ~*~*~tactically~*~*~ (stealth).
  2473 | D:3      | Noticed Robin
  2474 | D:3      | 2474 ||| Stepping ~*~*~tactically~*~*~ (hiding).
  2475 | D:3      | 2475 ||| Stepping ~*~*~tactically~*~*~ (hiding).
  2479 | D:3      | 2479 ||| Stepping ~*~*~tactically~*~*~ (hiding).
  2480 | D:3      | 2480 ||| Stepping ~*~*~tactically~*~*~ (hiding).
  2494 | D:3      | Killed Robin
  2495 | D:3      | Reached skill level 2 in Shields
  2501 | D:3      | Gained mutation: Your magical nature lets you fly swiftly
                  | and evasively. [Tengu growth]
  2501 | D:3      | Reached XP level 5. HP: 28/30 MP: 9/9
  2721 | D:3      | 2721 ||| READING 4 scrolls of identify.
  2721 | D:3      | 2721 ||| IDENTIFYING lumpy silvery potion
  2722 | D:3      | 2722 ||| READING 3 scrolls of identify.
  2722 | D:3      | 2722 ||| IDENTIFYING brown potion
  2723 | D:3      | 2723 ||| DROPPING potion of attraction.
  2761 | D:4      | 2761 ||| PLANNING OSSUARY
  2773 | D:4      | Noticed Edmund
  2783 | D:4      | Killed Edmund
  2784 | D:4      | Reached skill level 4 in Shields
  2784 | D:4      | Reached XP level 6. HP: 32/35 MP: 10/10
  2803 | D:4      | 2803 ||| Stepping ~*~*~tactically~*~*~ (stealth).
  2844 | D:4      | 2844 ||| Stepping ~*~*~tactically~*~*~ (stealth).
  3145 | D:4      | Found a transporter.
  3181 | D:4      | Reached skill level 5 in Shields
  3199 | D:4      | 3199 ||| Stepping ~*~*~tactically~*~*~ (stealth).
  3202 | D:4      | Found a transporter.
  3204 | D:4      | 3204 ||| Stepping ~*~*~tactically~*~*~ (stealth).
  3205 | D:4      | 3205 ||| Stepping ~*~*~tactically~*~*~ (stealth).
  3280 | D:4      | Found a sand-covered staircase.
  3281 | D:4      | 3281 ||| READING scroll labelled KEILOAN VEMY.
  3282 | D:4      | 3282 ||| READING 4 scrolls of identify.
  3282 | D:4      | 3282 ||| IDENTIFYING green potion
  3283 | D:4      | 3283 ||| READING 3 scrolls of identify.
  3283 | D:4      | 3283 ||| IDENTIFYING silvery potion
  3284 | D:4      | 3284 ||| READING 2 scrolls of identify.
  3284 | D:4      | 3284 ||| IDENTIFYING glowing red potion
  3285 | D:4      | 3285 ||| DROPPING potion of berserk rage.
  3286 | D:4      | 3286 ||| DROPPING potion of magic.
  3287 | D:4      | 3287 ||| DROPPING potion of degeneration.
  3296 | Ossuary  | Entered an ossuary
  3384 | Ossuary  | Noticed a wraith
  3384 | Ossuary  | Noticed a flying skull
  3393 | Ossuary  | Noticed a flying skull
  3426 | Ossuary  | Noticed a wraith
  3441 | Ossuary  | HP: 6/35 [wraith (6)]
  3442 | Ossuary  | 3442 ||| READING 2 scrolls of teleportation.
  3444 | Ossuary  | HP: 2/35 [wraith (5)]
  3445 | Ossuary  | 3445 ||| READING scroll of teleportation.
  3491 | Ossuary  | 3491 ||| Stepping ~*~*~tactically~*~*~ (stealth).
  3496 | Ossuary  | 3496 ||| Stepping ~*~*~tactically~*~*~ (stealth).
  3498 | Ossuary  | 3498 ||| Stepping ~*~*~tactically~*~*~ (stealth).
  3508 | Ossuary  | HP: 4/35 [wraith (7)]
  3510 | Ossuary  | Slain by a wraith

Levels and vault maps discovered:
D:1:      roderic_chinese_lattice_arrival, layout_loops_ring,
          ebering_ecumenical_altar_hall, hangedman_decor_clover_reticule,
          chequers_serial_rivers_micro_a, grunt_decor_fettered, minivault_4,
          minmay_misc_feat_ornament
D:2:      layout_loops_cross, uniq_jessica
D:3:      layout_rooms, minmay_quantized, uniq_crazy_yiuf_cottage, uniq_robin
D:4:      gammafunk_cloud_chamber, layout_basic,
          lightli_ossuary_entry_decrepit_ruins, gammafunk_ghost_grave,
          uniq_edmund
Ossuary:  ossuary_due_cavern

Skill      XL: |  1  2  3  4  5  6 |
---------------+-------------------+-----
Axes           | 3 4 |  4.9
Shields        | 2 4 5 |  5.3
Fighting       | |  2.0
Throwing       | |  1.0
Armour         | |  1.1
Dodging        | |  2.1
Spellcasting   | |  2.0
Translocations | |  2.4

Action                   |  1- 3 |  4- 6 || total
-------------------------+-------+-------++-------
Melee: Hand axe          |    50 |   151 ||   201
       Kick              |     9 |    49 ||    58
       Punch             |     1 |       ||     1
       Peck              |     5 |    18 ||    23
Throw: Boomerang         |     7 |       ||     7
       Javelin           |    10 |    18 ||    28
  Use: Scroll            |     6 |    12 ||    18
       Potion            |     1 |     1 ||     2
Armor: Leather armour    |     6 |       ||     6
       Ring mail         |     2 |    56 ||    58
Dodge: Dodged            |    22 |    32 ||    54
Block: Tower shield      |       |    78 ||    78

Table legend:
 A = Non-vault XP
 B = Vault XP
 C = Vault XP percentage of total XP
 D = Non-vault monster count
 E = Vault monster count
 F = Vault count percentage of total count
                 A         B        C        D         E       F
            +---------+---------+-------+---------+---------+-------
      Total |     336 |     260 |  43.6 |      56 |      28 |  33.3
            +---------+---------+-------+---------+---------+-------
        D:1 |      31 |       0 |   0.0 |      19 |       0 |   0.0
        D:2 |      28 |      39 |  58.2 |      10 |       2 |  16.7
        D:3 |      26 |      51 |  66.2 |      16 |      17 |  51.5
        D:4 |     251 |     157 |  38.5 |      11 |       1 |   8.3
    Ossuary |       0 |      13 | 100.0 |       0 |       8 | 100.0
            +---------+---------+-------+---------+---------+-------
